 Dungeon Crawl Stone Soup version 0.25.1-8-g42b30a86e7 (webtiles) character file.

Game seed: 13482191637967003438

290 hehateme the Shield-Bearer (level 6, -1/49 HPs)
             Began as a Human Fighter on Dec 15, 2020.
             Killed by nerve-wracking pain
             ... invoked by a shadow imp
              (14 damage)
             ... on level 5 of the Dungeon.
             The game lasted 00:05:27 (4335 turns).

hehateme the Shield-Bearer (Human Fighter)          Turns: 4335, Time: 00:05:28

Health: -1/49      AC:  7    Str: 18    XL:     6   Next: 58%
Magic:  6/6        EV:  7    Int:  9    God:
Gold:   113        SH: 10    Dex: 12    Spells: 5/5 levels left

rFire    . . .     SeeInvis .   v - +2 trident (vorpal)
rCold    . . .     Gourm    .   c - +0 kite shield
rNeg     . . .     Faith    .   b - +0 scale mail
rPois    .         Spirit   .   k - +0 helmet
rElec    .         Reflect  .   (no cloak)
rCorr    .         Harm     .   (no gloves)
MR       .....                  (no boots)
Stlth    ..........             (no amulet)
HPRegen  0.16/turn              (no ring)
MPRegen  0.10/turn              (no ring)

@: stab
A: mutation resistance 1
a: no special abilities


You were on level 5 of the Dungeon.
You were hungry.

You visited 1 branch of the dungeon, and saw 5 of its levels.

You collected 113 gold pieces.

Inventory:

Hand Weapons
 a - a +0 war axe
 v - a +2 vorpal trident (weapon)
   (You found it on level 3 of the Dungeon)
Armour
 b - a +0 scale mail (worn)
 c - a +0 kite shield (worn)
 k - a +0 helmet (worn)
   (You found it on level 1 of the Dungeon)
 p - a +0 plate armour
   (You found it on level 2 of the Dungeon)
Jewellery
 t - a cursed ring of teleportation {unknown}
   (You found it on level 3 of the Dungeon)
Wands
 d - a wand of iceblast (7)
   (You took it off Ijyb on level 4 of the Dungeon)
Scrolls
 e - 3 scrolls of identify {unknown}
 g - 3 scrolls of fear {unknown}
 i - 2 scrolls of remove curse
 j - a scroll of amnesia {unknown}
 l - a scroll of enchant weapon {unknown}
 n - a scroll of magic mapping {unknown}
 r - a scroll of teleportation
 s - a scroll of random uselessness {unknown}
Comestibles
 f - 8 rations


   Skills:
 + Level 4.6 Fighting
 - Level 2.0 Axes
 - Level 3.0 Armour
 * Level 5.9 Shields


You had 5 spell levels left.
You didn't know any spells.
Your spell library was empty.

Dungeon Overview and Level Annotations

Branches:
Dungeon (5/15)
 Temple: D:4-7

Altars:
Okawaru

Annotations:
D:3 exclusion: downstairs
D:4 3 runed translucent doors, DioFlanders's ghost, amateur DsMo; Duvessa; KittyFluff's ghost, novice DrBe; Natasha


Innate Abilities, Weirdness & Mutations

You are somewhat resistant to further mutation.


Message History

You hit Ijyb but do no damage. Ijyb barely misses you.
Ijyb hits you but does no damage.
You puncture Ijyb! You block Ijyb's attack.
You hit Ijyb.
Ijyb screams, "It's all mine!"
You block Ijyb's attack.
You hit Ijyb. Ijyb closely misses you.
You closely miss Ijyb. Ijyb hits you with a +0 club.
You take 1 damage, and have 48/49 hp.
You barely miss Ijyb. Ijyb hits you but does no damage. Ijyb barely misses you.
You puncture Ijyb!
You kill Ijyb!
No target in view!
No target in view!
d - a wand of iceblast (7);
h - a blue potion
Things that are here:
a +0 club; a +0 leather armour Health restored: 49 KittyFluff's ghost turns its malevolent gaze towards you.
DioFlanders's ghost turns its malevolent gaze towards you.
Things that are here:
a +0 club; a +0 leather armour
There is a stone staircase leading down here.
You hear the rapid hiss of a distant avalanche of sand.
You see here a potion of mutation {!q}.
Duvessa shouts!
Duvessa goes berserk!
A hound skeleton comes into view.
You hear a shout!
You barely miss Duvessa.
You hear a shout! x3
Duvessa hits you with a +0 short sword!
You take 7 damage, and have 42/49 hp.
Duvessa hits you with a +0 short sword. Duvessa hits you but does no damage.
You take 4 damage, and have 38/49 hp.
Duvessa hits you with a +0 short sword.
You hear a shout! x4
You take 3 damage, and have 35/49 hp.
You hit Duvessa. You block Duvessa's attack.
Duvessa hits you but does no damage.
You puncture Duvessa! Duvessa hits you with a +0 short sword!
Duvessa hits you but does no damage.
You take 9 damage, and have 27/49 hp.
You closely miss Duvessa. You block Duvessa's attack.
A goblin comes into view. It is wielding a +0 club.
A goblin comes into view.
Duvessa hits you but does no damage.
A hobgoblin comes into view.
You closely miss Duvessa. Duvessa closely misses you.
Duvessa hits you with a +0 short sword!
A goblin comes into view.
You take 11 damage, and have 16/49 hp.
MASSIVE DAMAGE!!
Duvessa hits you with a +0 short sword.
* * * LOW HITPOINT WARNING * * *
You take 2 damage, and have 14/49 hp.
Duvessa rages.
Duvessa hits you with a +0 short sword.
* * * LOW HITPOINT WARNING * * *
You take 5 damage, and have 9/49 hp.
You hear the rapid hiss of an avalanche of sand nearby.
Duvessa rages.
You block Duvessa's attack. Duvessa hits you but does no damage.
Duvessa rages.
Duvessa hits you but does no damage. Duvessa barely misses you.
You block Duvessa's attack.
It was a potion of stabbing.
You feel ready to backstab.
Duvessa is no longer berserk.
You block Duvessa's attack.
You hit Duvessa but do no damage. You block Duvessa's attack.
You closely miss Duvessa. Duvessa hits you but does no damage.
You hit Duvessa. Duvessa hits you but does no damage.
You hit Duvessa. Duvessa hits you with a +0 short sword.
* * * LOW HITPOINT WARNING * * *
You take 5 damage, and have 6/49 hp.
You hear the rapid hiss of a distant avalanche of sand.
You are feeling hungry.
Duvessa shakes in a combination of rage and grief.
The goblin unwields a +0 club.
The goblin wields a +0 hunting sling.
The goblin shoots a sling bullet.
The sling bullet barely misses you.
There is a stone staircase leading down here.
Duvessa says, "I will avenge him!"
You climb downwards.
A shadow imp comes into view.
The shadow imp shouts!
There is a stone staircase leading up here.
You start resting.
The shadow imp is too close now for your liking.
You closely miss the shadow imp. The shadow imp gestures at you.
You barely resist.
The shadow imp hits you but does no damage.
You hit the shadow imp but do no damage.
You block the shadow imp's attack.
You hit the shadow imp but do no damage.
The shadow imp gestures at you. Pain shoots through your body!
You die...

#### ##..#
###$..#
####.....#
#.....@.###
#.......5..#
..##..##..<#
#.. ##....#
#. .....##
##........#
....##......
.... .......
##. ........


You could see a shadow imp.

Vanquished Creatures
  Dowan (D:4)
  2 orc priests (D:4)
  Ijyb (D:4)
  An orc wizard (D:4)
  A hound skeleton (D:4)
  2 adders
  An ooze (D:1)
  3 worms
  4 dart slugs
  3 leopard geckos
  4 orcs
  9 bats
  A giant cockroach (D:1)
  5 goblins
  6 hobgoblins
  8 jackals
  10 kobolds
  A ball python (D:1)
  7 frilled lizards
  A quokka skeleton (D:3)
  8 rats
79 creatures vanquished.

Notes
Turn   | Place    | Note
-------+----------+-------------------------------------------
     0 | D:1      | hehateme the Human Fighter began the quest for the Orb.
     0 | D:1      | Reached XP level 1. HP: 18/18 MP: 1/1
   162 | D:1      | Reached XP level 2. HP: 16/24 MP: 2/2
   621 | D:1      | Reached XP level 3. HP: 29/29 MP: 3/3
   951 | D:1      | Reached skill level 4 in Shields
  1502 | D:2      | Reached XP level 4. HP: 35/35 MP: 4/4
  2895 | D:3      | Found an iron altar of Okawaru.
  2902 | D:3      | Reached XP level 5. HP: 42/42 MP: 5/5
  3626 | D:4      | Reached skill level 4 in Fighting
  3626 | D:4      | Reached skill level 5 in Shields
  3656 | D:4      | Noticed an ogre
  3659 | D:4      | Noticed a phantom
  3753 | D:4      | Noticed Dowan
  3756 | D:4      | Noticed Duvessa
  3785 | D:4      | Killed Dowan
  3785 | D:4      | Reached XP level 6. HP: 38/48 MP: 6/6
  3879 | D:4      | HP: 8/49 [orc priest/divine providence (7)]
  3882 | D:4      | Gained mutation: You are somewhat resistant to further
                  | mutation. [potion of mutation]
  4074 | D:4      | Noticed Natasha
  4194 | D:4      | Found a runed translucent gate.
  4194 | D:4      | Found a runed translucent gate.
  4194 | D:4      | Found a runed translucent gate.
  4194 | D:4      | Noticed Ijyb
  4202 | D:4      | Killed Ijyb
  4209 | D:4      | Noticed KittyFluff's ghost (novice DrBe)
  4209 | D:4      | Noticed DioFlanders's ghost (amateur DsMo)
  4281 | D:4      | HP: 9/49 [Duvessa/+0 short sword (5)]
  4296 | D:4      | HP: 6/49 [Duvessa/+0 short sword (5)]
  4323 | D:5      | Entered Level 5 of the Dungeon
  4335 | D:5      | Killed from afar by a shadow imp

Illustrated notes

Levels and vault maps discovered:
D:1:      psy_arrival_spokes, layout_basic, dk_noncrumbling_2
D:2:      layout_basic, first_ration
D:3:      layout_basic, nicolae_overflow_crystal_walls, chequers_arboretum
D:4:      layout_basic, gammafunk_ghost_cemetery, chequers_ossuary_entry_cave,
          minmay_divided_ellipse, uniq_robin, uniq_natasha, uniq_ijyb,
          uniq_duvessa
D:5:      layout_cave_pools, xom_teletrap_fun,
          minmay_temple_entry_gardened_gates

Skill      XL: |  1  2  3  4  5 |
---------------+----------------+-----
Shields        | 4 5 |  5.9
Fighting       | 4 |  4.6
Axes           | |  2.0
Armour         | |  3.0

Action                   |  1- 3 |  4- 6 || total
-------------------------+-------+-------++-------
Melee: War axe           |   115 |   146 ||   261
       Trident           |       |    84 ||    84
  Use: Potion            |       |     6 ||     6
       Scroll            |       |     2 ||     2
  Eat: Chunk             |     2 |     9 ||    11
Armor: Scale mail        |    57 |   109 ||   166
       Skin              |       |     1 ||     1
Dodge: Dodged            |    35 |    54 ||    89
Block: Kite shield       |    63 |   146 ||   209

Levels and vault maps discovered:
D:1:      psy_arrival_spokes, layout_basic, dk_noncrumbling_2
D:2:      layout_basic, first_ration
D:3:      layout_basic, nicolae_overflow_crystal_walls, chequers_arboretum
D:4:      layout_basic, gammafunk_ghost_cemetery, chequers_ossuary_entry_cave,
          minmay_divided_ellipse, uniq_robin, uniq_natasha, uniq_ijyb,
          uniq_duvessa
D:5:      layout_cave_pools, xom_teletrap_fun,
          minmay_temple_entry_gardened_gates

Table legend:
 A = Turns spent in this place as a percentage of turns spent in the entire game.
 B = Non-inter-level travel turns spent in this place as a percentage of non-inter-level travel turns spent in the entire game.
 C = Inter-level travel turns spent in this place as a percentage of turns spent in this place.
 D = Turns resting spent in this place as a percentage of non-inter-level travel turns spent in this place.
 E = Turns spent auto-exploring this place as a percentage of non-inter-level travel turns spent in this place.
 F = Non-inter-level travel turns spent in this place divided by the number of levels of this place that you've seen.
                   A       B       C       D       E      F
               +-------+-------+-------+-------+-------+----------------------
         Total | 100.0 | 100.0 |   6.2 |   8.3 |  73.8 | 813.4
       Dungeon | 100.0 | 100.0 |   6.2 |   8.3 |  73.8 | 813.4
               +-------+-------+-------+-------+-------+----------------------

Table legend:
 A = Kills in this place as a percentage of kills in entire the game.
 B = Kills by you in this place as a percentage of kills by you in the entire game.
 C = Kills by friends in this place as a percentage of kills by friends in the entire game.
 D = Other kills in this place as a percentage of other kills in the entire game.
 E = Experience gained in this place as a percentage of experience gained in the entire game.
 F = Experience gained in this place divided by the number of levels of this place that you have seen.
                   A       B       C       D       E      F
               +-------+-------+-------+-------+-------+----------------------
         Total | 100.0 | 100.0 |   N/A |   N/A | 100.0 |  83.0
       Dungeon | 100.0 | 100.0 |   N/A |   N/A | 100.0 |  83.0
               +-------+-------+-------+-------+-------+----------------------
